 Dungeon Crawl Stone Soup version 0.31.0-32-g396128a36d (webtiles) character file.

Game seed: 12847736038207772692

3802 TacoSundae the Grappler (level 9, 0/68 HPs)
             Began as a Troll Shapeshifter on Apr 7, 2024.
             Was a Believer of Hepliaklqana.
             Slain by an orc warlord
             ... wielding a +3 broad axe
              (27 damage)
             ... in a bailey.
             The game lasted 00:21:13 (6065 turns).

TacoSundae the Grappler (Troll Shapeshifter)        Turns: 6065, Time: 00:21:13

Health: 0/68       AC:  4    Str: 24    XL:     9   Next: 96%
Magic:  8/8        EV: 10    Int:  8    God:    Hepliaklqana [**....]
Gold:   441        SH:  5    Dex: 13    Spells: 8/8 levels left

rFire   + .          .
                       - Unarmed
rCold   . . .        (no shield)
rNeg    . . .        a - +0 animal skin
rPois   +            (helmet currently unavailable)
rElec   .            (cloak currently unavailable)
rCorr   .            (gloves unavailable)
SInv    +            (boots unavailable)
Will    +....        k - amulet of reflection
Stlth   ++           i - ring of poison resistance
HPRegen 1.11/turn    A - ring "Tuomn" {rF+ Will+ Int+2 SInv Stlth+}
MPRegen 0.11/turn

%: reflection
@: beast-form, hasted, very quick
A: beast (slay +4), reduced essence, large, unfitting armour, claws 3,
regeneration 1, shaggy fur 1, tough skin 1
a: Begin Untransformation, Renounce Religion, Recall Ancestor, Ancestor Identity


You were in a bailey.
You worshipped Hepliaklqana.
Hepliaklqana was pleased with you.
You were a hulking beast.
You visited 2 branches of the dungeon, and saw 9 of its levels.
You also visited: Bailey.

You collected 470 gold pieces.
You spent 29 gold pieces at shops.

Inventory:

Missiles
 f - 2 throwing nets
 p - 4 large rocks (quivered)
Armour
 a - a +0 animal skin (worn)
 v - +0 fire dragon scales
Jewellery
 h - a ring of ice
 i - a ring of poison resistance (left claw)
 k - an amulet of reflection (around neck)
 q - a ring of wizardry
 A - the ring "Tuomn" (right claw) {rF+ Will+ Int+2 SInv Stlth+}
   (You found it on level 7 of the Dungeon)

   [ring of protection from fire]

   Int+2:     It affects your intelligence (+2).
   rF+:       It protects you from fire.
   Will+:     It increases your willpower.
   SInv:      It lets you see invisible.
   Stlth+:    It makes you more stealthy.
 C - a +4 ring of protection
Talismans
 c - a beast talisman
 d - a flux talisman
Wands
 r - a wand of polymorph (9)
 s - a wand of acid (14)
Scrolls
 e - 3 scrolls of blinking
 n - 2 scrolls of fear
 o - 2 scrolls of poison
 x - 2 scrolls of fog
 y - a scroll of brand weapon
 z - a scroll of summoning
Potions
 b - 3 potions of lignification
 j - a potion of cancellation
 l - 3 potions of magic
 m - 2 potions of curing
 t - 2 potions of mutation {unknown}
 u - a potion of ambrosia {unknown}
 w - 2 potions of attraction {unknown}
 B - 2 potions of heal wounds {unknown}
 D - a potion of resistance {unknown}
 E - 2 potions of might {unknown}


   Skills:
 + Level 1.5 Fighting
 + Level 2.1 Dodging
 * Level 10.5 Unarmed Combat
 + Level 9.6 Shapeshifting


You had 8 spell levels left.
You didn't know any spells.
Your spell library contained the following spells:

 Spells                   Type           Power      Damage    Failure   Level
 Ensorcelled Hibernation  Hex/Ice        0%         N/A       54%         2
 Passwall                 Erth           0%         N/A       78%         3
 Swiftness                Air            0%         N/A       78%         3
 Volatile Blastmotes      Fire/Tloc      0%         2d10      78%         3
 Fulminant Prism          Conj/Alch      0%         3d5       99%         4
 Iskenderun's Mystic Bla  Conj/Tloc      0%         2d3       99%         4


Dungeon Overview and Level Annotations

Branches:
Dungeon (8/15)             Temple (1/1) D:5            Lair (0/5) D:8
 Bailey (1/1)

Altars:
Ashenzari
Cheibriados
Elyvilon
Fedhas
Gozag
Hepliaklqana
Kikubaaqudgha
Makhleb
Okawaru
Qazlal
Sif Muna
Uskayaw
Wu Jian
Xom
Yredelemnul
The Shining One

Shops:
D:3 :   D:7 *

Annotations:
D:7 1 runed translucent door


Innate Abilities, Weirdness & Mutations

You are a hulking beast.
Your limbs bulge with bestial killing power. (Slay +4)
Your life essence is reduced to manifest your ancestor. (-10% HP)
You are too large for most types of armour.
You have claws for hands.
Your natural rate of healing is unusually fast.
You are covered in fur. (AC +1)
You have tough skin. (AC +1)


Message History

The orc warlord is moderately wounded.
The orc warlord misses you.
The orc warlord hits Tacolin with a +3 broad axe!
Tacolin is destroyed!
The orc warlord completely misses your orc.
The orc warlord hits your orc with a +3 broad axe!
Your orc dies!
Your orc's corpse dissolves into shadows!
The orc warlord hits your orc with a +3 broad axe!!
Your orc dies!
Your orc's corpse dissolves into shadows!
You feel yourself speed up.
Your orc barely misses the orc warlord.
The orc warlord barely misses you.
The orc warlord closely misses your orc.
The orc warlord hits your orc with a +3 broad axe!!
Your orc dies!
Your orc's corpse dissolves into shadows!
You closely miss the orc warlord.
The orc warlord is moderately wounded.
Your orc closely misses the orc warlord.
The orc warlord hits you with a +3 broad axe!
The orc warlord barely misses your orc.
You scratch the orc warlord but do no damage.
The orc warlord is moderately wounded.
You claw the orc warlord!
The orc warlord is heavily wounded.
Your orc hits the orc warlord with a +0 flail.
The orc warlord hits you with a +3 broad axe!
The orc warlord hits your orc with a +3 broad axe!!
Your orc dies!
Your orc's corpse dissolves into shadows!
You mangle the orc warlord!!
The orc warlord is severely wounded.
You scratch the orc warlord but do no damage.
The orc warlord is severely wounded.
The orc warlord hits you with a +3 broad axe!!
You barely miss the orc warlord. You claw the orc warlord.
The orc warlord is severely wounded.
The orc warlord hits you with a +3 broad axe!!
You die...

##### ##### ##...## ##...##
##.....## ##.....##
##.......#######.......##
##..8..8...........8..8).##
#............h........)...#
#........(...o............#
#...8..)...#'''#......8...#
##......####~~~####......##
♣##.....#~~~~~~~~~#.....##♣
♣.##....#~.8...8.~#()).##.♣
♣♣..###'###.......###)###..♣♣
♣...~~~.# ~.8...8.~ #.~~~...♣
♣♣...~~~.#~.........~#)~~~...♣


You could see an orc warlord.

Vanquished Creatures
  2 redbacks (D:7)
  Menkaure (D:7)
  4 water moccasins
  2 orc warriors (Bailey)
  A black bear (D:6)
  An ogre (D:5)
  A centaur (D:5)
  A bullfrog (D:7)
  14 scorpions
  3 wights (D:8)
  10 killer bees (D:7)
  A gnoll bouda (D:5)
  A jelly (D:5)
  2 orc priests
  3 sleepcaps
  Terence (D:2)
  4 iguanas
  Natasha (thrice) (D:2)
  5 orc wizards
  14 gnolls
  5 adders
  4 ufetubi
  A dart slug (D:2)
  15 orcs
  2 endoplasms
  11 giant cockroaches
  11 goblins
  4 hobgoblins
  5 quokkas
  5 ball pythons
  14 bats
  2 frilled lizards
  7 kobolds
  8 rats
168 creatures vanquished.

Vanquished Creatures (collateral kills)
  2 bullfrogs (D:8)
  2 killer bees (D:7)
  2 ufetubi
  2 orcs
  3 goblins
  2 hobgoblins (Bailey)
  7 kobolds (Bailey)
20 creatures vanquished.

Vanquished Creatures (others)
  2 battlemagi (Bailey)
  2 ancestors (D:7)
4 creatures vanquished.

Grand Total: 192 creatures vanquished

Notes
Turn   | Place    | Note
-------+----------+-------------------------------------------
     0 | D:1      | TacoSundae the Troll Shapeshifter began the quest for the
                  | Orb.
     0 | D:1      | Reached XP level 1. HP: 18/18 MP: 0/0
   120 | D:1      | Found a faded altar of an unknown god.
   177 | D:1      | Reached XP level 2. HP: 26/26 MP: 1/1
   903 | D:2      | Reached XP level 3. HP: 31/32 MP: 2/2
   962 | D:2      | Noticed Natasha
   969 | D:2      | Killed Natasha
  1030 | D:2      | Reached skill level 4 in Unarmed Combat
  1038 | D:2      | Reached XP level 4. HP: 21/40 MP: 3/3
  1092 | D:2      | Noticed Terence
  1098 | D:2      | Killed Terence
  1508 | D:2      | Noticed Natasha
  1515 | D:2      | Killed Natasha
  1516 | D:2      | Reached XP level 5. HP: 36/46 MP: 4/4
  1765 | D:2      | Noticed Natasha
  1774 | D:2      | Killed Natasha
  1909 | D:3      | Found Tesosoa's Book Emporium.
  1933 | D:3      | Reached skill level 5 in Unarmed Combat
  2204 | D:3      | Reached XP level 6. HP: 54/54 MP: 5/5
  2704 | D:4      | Reached skill level 5 in Shapeshifting
  3221 | D:5      | Entered Level 5 of the Dungeon
  3278 | D:5      | Reached skill level 6 in Unarmed Combat
  3278 | D:5      | Reached XP level 7. HP: 57/61 MP: 6/6
  3502 | D:5      | Found a staircase to the Ecumenical Temple.
  3550 | Temple   | Entered the Ecumenical Temple
  3625 | Temple   | Became a worshipper of Hepliaklqana the Forgotten
  3866 | D:5      | Reached skill level 7 in Unarmed Combat
  4003 | D:5      | Reached XP level 8. HP: 64/68 MP: 7/7
  4542 | D:6      | Reached * piety under Hepliaklqana
  4740 | D:7      | Found a shimmering blue altar of Sif Muna.
  4798 | D:7      | Found Yfisuk's Assorted Antiques.
  4805 | D:7      | Bought a scroll labelled PYUFIN NESICROW for 29 gold pieces
  4851 | D:7      | Noticed Menkaure
  4855 | D:7      | Killed Menkaure
  4856 | D:7      | Reached skill level 8 in Unarmed Combat
  4856 | D:7      | Identified the ring "Tuomn" {rF+ Will+ Int+2 SInv Stlth+}
  4884 | D:7      | Identified the +5 whip of Fate {flame, Dex+2 SInv}
  4937 | D:7      | Found an opulent altar of Gozag.
  5018 | D:7      | Found a runed translucent door.
  5020 | D:7      | Found a runed translucent gate.
  5025 | D:7      | Found a runed translucent gate.
  5029 | D:7      | Found a runed translucent door.
  5030 | D:7      | Found the +9 staff of Olgreb {rPois∞}
  5049 | D:7      | Found a runed translucent gate.
  5096 | D:7      | Reached XP level 9. HP: 44/67 MP: 8/8
  5102 | D:7      | Reached skill level 9 in Unarmed Combat
  5235 | D:7      | Reached skill level 10 in Unarmed Combat
  5558 | D:8      | Reached ** piety under Hepliaklqana
  5561 | D:8      | Remembered your ancestor Tacolin as a battlemage
  5579 | D:8      | Reached skill level 1 in Fighting
  5714 | D:8      | Found a staircase to the Lair.
  5802 | D:8      | Found a flagged portal.
  5816 | Bailey   | Entered a bailey
  5821 | Bailey   | Noticed an orc warlord
  5955 | Bailey   | Found a runed translucent gate.
  5957 | Bailey   | Found a runed translucent gate.
  5966 | Bailey   | Found a runed translucent gate.
  6065 | Bailey   | Slain by an orc warlord

Illustrated notes

Levels and vault maps discovered:
D:1:      elethiomel_arrival_diamonds, layout_loops_ring,
          dilly_ecumenical_altar_fadedgnrine, minmay_worlds_worst_comb
D:2:      layout_loops_corners, nicolae_grassy_gnolls, uniq_natasha,
          uniq_terence
D:3:      layout_loops_ring, serial_shops, nicolae_shop_gibbet_a_chance
D:4:      layout_loops_ring, chequers_serial_rivers_micro_e, roderic_batcave
D:5:      layout_gridville, temple_pool_b, grunt_ministairs_1,
          minmay_misc_feat_tiny
D:6:      layout_gridville, serial_park_tiny_1
D:7:      layout_basic, general_overflow_altar, kennysheep_little_box,
          serial_shops, nicolae_diamond_shop,
          minmay_guarded_unrand_staff_of_olgreb, uniq_menkaure
D:8:      layout_basic, zin_scriptorium, nicolae_vehumet_altar_sigil,
          enter_bailey_5, nicolae_kite_square_tiling_tiny
Temple:   minmay_temple_curvy_branch
Bailey:   bailey_axe_bossmonster_kennysheep, bailey

Skill      XL: |  1  2  3  4  5  6  7  8  9 |
---------------+----------------------------+-----
Unarmed Combat | 4 5 6 7 8 10 | 10.5
Shapeshifting  | 4 5 6 8 9 |  9.6
Fighting       | 1 |  1.5
Dodging        | 2 |  2.1

Action                     |  1- 3 |  4- 6 |  7- 9 || total
---------------------------+-------+-------+-------++-------
  Melee: Unarmed           |    64 |   152 |   261 ||   477
         Punch             |     1 |     3 |     8 ||    12
  Throw: Large rock        |       |       |     2 ||     2
 Invoke: Ancestor Identity |       |       |     2 ||     2
         Ancestor Life: Ba |       |       |     1 ||     1
  Evoke: Wand              |       |       |     1 ||     1
    Use: Potion            |     2 |       |     1 ||     3
         Scroll            |       |     9 |     7 ||    16
   Stab: Sleeping          |       |       |     1 ||     1
         Distracted        |       |       |     1 ||     1
 Armour: Animal skin       |    39 |    76 |   187 ||   302
  Dodge: Dodged            |    27 |    55 |    87 ||   169
  Block: Other             |     6 |    32 |    47 ||    85
         Reflection        |       |     2 |     3 ||     5
